 Dungeon Crawl Stone Soup version 0.16-a0-3212-g68818ff (webtiles) character file.

6419 Johnny the Quickloader (level 10, -4/80 HPs)
             Began as a Mummy Hunter on Dec 19, 2014.
             Was a Believer of Trog.
             Slain by a blue devil (14 damage)
             ... on level 3 of the Lair of Beasts.
             The game lasted 00:29:44 (11508 turns).

Johnny the Quickloader (Mummy Hunter)              Turns: 11508, Time: 00:29:45

Health: -4/80      AC: 13    Str: 15    XL:     10   Next: 66%
Magic:  0/10       EV: 15    Int: 10    God:    Trog [**....]
Gold:   469        SH:  0    Dex: 15    Spells: 0 memorised, 9 levels left

rFire  x . .     SeeInvis +     G - +2 halberd (protect)
rCold  + + +     Clarity  .     E - +1 leather armour of Mnoqaece {rC+ MR+ rCorr SInv}
rNeg   + + +     SustAb   .     (no shield)
rPois  ∞         Gourm    .     p - +0 helmet
rElec  .         Spirit   +     s - +0 cloak
rCorr  +         Warding  .     e - +0 pair of gloves
rMut   .         Stasis   .     (no boots)
MR     ++...                    t - amulet of guardian spirit (curse)
Stlth  ++........               q - ring of ice
                                l - ring of protection from fire

@: about to teleport, very resistant to hostile enchantments, unstealthy
A: no food or potions, fire vulnerability, restore body, cold resistance 1,
negative energy resistance 3, poison resistance, torment resistance, unbreathing
a: Burn Spellbooks, Trog's Hand, Renounce Religion


You were on level 3 of the Lair of Beasts.
You worshipped Trog.
Trog was pleased with you.
You were not hungry.

You visited 3 branches of the dungeon, and saw 12 of its levels.
You also visited: Bailey and Ice Cave.

You collected 469 gold pieces.

Inventory:

Hand weapons
 b - a +1 hand crossbow
 r - a +4 quarterstaff of chaos
 u - a +0 dagger of venom
 G - a +2 halberd of protection (weapon)
 H - a +2 spear of venom
Missiles
 K - 5 bolts
Armour
 e - a +0 pair of gloves (worn)
 p - a +0 helmet (worn)
 s - a +0 cloak (worn)
 E - the +1 leather armour of Mnoqaece (worn) {rC+ MR+ rCorr SInv}
   (You found it on level 6 of the Dungeon)

   It protects you from cold.
   It affects your resistance to hostile enchantments.
   It enhances your eyesight.
   It protects you from acid and corrosion.
Jewellery
 l - a ring of protection from fire (left hand)
 q - a ring of ice (right hand)
 t - a cursed amulet of guardian spirit (around neck)
 B - an uncursed ring of ice
Magical devices
 m - a wand of random effects (0)
 n - a wand of teleportation (0)
 y - a wand of polymorph (0)
 D - a wand of flame (21)
 J - a wand of draining (0)
Scrolls
 d - 2 scrolls of fog
 f - 8 scrolls of remove curse
 g - 2 scrolls of vulnerability
 h - a scroll of recharging
 i - a scroll of teleportation
 j - a scroll of magic mapping
 k - a scroll of immolation {unknown}
 o - a scroll of noise
 v - a scroll of enchant armour {unknown}
 z - a scroll of enchant weapon
Books
 a - a book of Enchantments

   Spells                             Type                      Level
   a - Tukima's Dance                 Hexes                        3
   b - Cause Fear                     Hexes                        4
   c - Silence                        Hexes/Air                    5
   d - Deflect Missiles               Charms/Air                   6
   e - Haste                          Charms                       6
   f - Discord                        Hexes                        8
   Trog disapproves of the use of such an item.


   Skills:
 * Level 8.0 Fighting
 + Level 9.2 Crossbows
 + Level 5.8 Armour
 * Level 6.3 Dodging
 - Level 0.7 Stealth


You had 9 spell levels left.
You didn't know any spells.

Dungeon Overview and Level Annotations

Branches:
Dungeon (8/15)             Temple (1/1) D:6            Lair (3/8) D:8
  Swamp: Lair:3-6    Shoals: Lair:3-6     Snake: Lair:3-6    Spider: Lair:3-6

Altars:
Ashenzari
Cheibriados
Dithmenos
Elyvilon
Fedhas
Gozag
Kikubaaqudgha
Makhleb
Nemelex Xobeh
Okawaru
Qazlal
Ru
Sif Muna
Trog
Vehumet
Xom
Yredelemnul
Zin
The Shining One

Shops:
D:8 }

Annotations:
Lair:1 Harold


Innate Abilities, Weirdness & Mutations

You do not eat or drink.
Your flesh is vulnerable to fire.
Your flesh is cold resistant.
You are immune to negative energy.
Your system is resistant to poisons.
You are immune to unholy pain and torment.
You can survive without breathing.


Message History

The blue devil swoops through the air toward you!
The blue devil barely misses you.
Found a glowing short sword.
You hit the blue devil but do no damage.
The blue devil is lightly wounded.
The water moccasin barely misses you. The blue devil misses you.
The five-headed hydra completely misses you.
The five-headed hydra bites you!
* * * LOW HITPOINT WARNING * * *
The five-headed hydra bites you but does no damage.
The five-headed hydra bites you.
* * * LOW HITPOINT WARNING * * *
The five-headed hydra bites you!
* * * LOW HITPOINT WARNING * * *
The water moccasin bites you but does no damage.
The blue devil hits you but does no damage.
Unknown command.
The blue devil swoops through the air toward you!
The blue devil hits you!
You die...

,*,,,,,,**,,,**....***...,**#..#.
,*,,,,,,,,,,,*..)..# *...,,*#....
,,,,,,,**,,,*##....# ##..**##....
,*,,,,,,**,,**.....###..#*##...#.
#,,,,,,,*#,,###(.....##.###.#....
.,,,,,,,*#.##.......%..........#.
.,,,,,,,,...............>........
.,,,,,,,........4................
,,,,,,,,.......4@S...............
,,,,,,,,.........D..#............
,,,,,,,,,................##......
,,,,,*,*,.#.###...#...#.###P.....
*,,,,***,..,**##.........?##.....
*,,,**,,,,,,<,*#....#.....P#.....
,,,,*,,,,,,,,....................
,,,,**,,,,,,,.##.................
,,,,**,,,,,,,,*#.....#..........#


You could see a five-headed hydra, 2 blue devils and a water moccasin.

Vanquished Creatures
  A fire drake (Lair:1)
  A komodo dragon (D:8)
  A blue devil (IceCv)
  2 wyverns (D:8)
  2 hungry ghosts (D:7)
  A yak (Lair:2)
  A vampire mosquito (D:5)
  3 hippogriffs
  Menkaure (D:5)
  2 porcupines
  4 orc warriors
  3 black bears
  An ice beast (D:5)
  3 sky beasts
  A necrophage (D:5)
  5 ogres
  2 crocodiles (Lair:2)
  A centaur (D:7)
  Sigmund (D:2)
  Duvessa (D:4)
  8 giant frogs
  3 scorpions
  A wight (D:5)
  5 killer bees (D:8)
  A hound (D:6)
  3 jellies (D:8)
  2 crimson imps
  A goliath beetle (D:7)
  Dowan (D:4)
  8 orc priests
  A centaur zombie (D:6)
  A giant frog zombie (D:6)
  Crazy Yiuf (D:3)
  2 centaur skeletons (D:8)
  A gnoll shaman (D:7)
  8 orc wizards
  An iguana (Lair:3)
  3 worker ants
  2 hound zombies
  A hound skeleton (D:6)
  5 gnolls (D:7)
  13 adders
  A shadow imp (D:6)
  A giant mite (D:2)
  An adder skeleton (D:4)
  An adder zombie (D:5)
  5 giant geckos
  2 oozes
  35 orcs
  11 bats
  A bat skeleton (D:4)
  A bat zombie (D:1)
  18 goblins
  12 hobgoblins
  9 jackals
  13 kobolds
  4 quokkas
  A ball python (D:1)
  5 giant cockroaches
  A giant cockroach zombie (D:1)
  A giant gecko skeleton (D:4)
  A giant gecko zombie (D:6)
  7 giant newts
  A quokka skeleton (D:6)
  9 rats
  A plant (D:8)
251 creatures vanquished.

Vanquished Creatures (collateral kills)
  3 orcs (D:8)
3 creatures vanquished.

Vanquished Creatures (others)
  An orc zombie (D:5)
  3 fungi (Lair:1)
  2 plants
6 creatures vanquished.

Grand Total: 260 creatures vanquished

Notes
Turn   | Place    | Note
--------------------------------------------------------------
     0 | D:1      | Johnny, the Mummy Hunter, began the quest for the Orb.
     0 | D:1      | Reached XP level 1. HP: 16/16 MP: 1/1
   347 | D:1      | Reached XP level 2. HP: 21/23 MP: 2/2
   865 | D:2      | Reached XP level 3. HP: 14/28 MP: 3/3
  1051 | D:2      | Noticed Sigmund
  1475 | D:3      | Noticed an ogre
  1480 | D:3      | Killed an ogre
  1480 | D:3      | Reached skill level 4 in Crossbows
  1480 | D:3      | Reached skill level 1 in Armour
  1480 | D:3      | Reached XP level 4. HP: 31/34 MP: 4/4
  1502 | D:3      | Reached XP level 5. HP: 40/40 MP: 5/5
  1726 | D:3      | Noticed Crazy Yiuf
  1730 | D:3      | Killed Crazy Yiuf
  2011 | D:4      | Reached XP level 6. HP: 45/47 MP: 3/6
  2190 | D:4      | Noticed an ogre
  2230 | D:4      | Killed an ogre
  2567 | D:4      | Reached skill level 5 in Crossbows
  2584 | D:4      | Noticed Dowan
  2704 | D:4      | Killed Dowan
  2791 | D:4      | Noticed Duvessa
  2899 | D:4      | Killed Duvessa
  2899 | D:4      | Reached XP level 7. HP: 48/53 MP: 5/7
  3051 | D:5      | Entered Level 5 of the Dungeon
  3060 | D:5      | Noticed Menkaure
  3063 | D:5      | Killed Menkaure
  3319 | D:5      | Reached XP level 8. HP: 36/61 MP: 8/8
  3546 | D:5      | Reached skill level 6 in Crossbows
  4060 | D:5      | Identified the Handbook of Icy Self-Improvement
  4418 | D:5      | Reached skill level 5 in Fighting
  4783 | D:2      | Killed Sigmund
  5388 | D:6      | Found a staircase to the Ecumenical Temple.
  5474 | D:6      | Found a shattered altar of Ashenzari.
  5587 | D:6      | Reached skill level 7 in Crossbows
  5723 | D:7      | Found a flagged portal.
  5742 | Bailey   | Entered a bailey
  5812 | D:7      | Reached XP level 9. HP: 53/68 MP: 7/9
  5911 | D:6      | Got a smelly leather armour
  5922 | D:6      | Identified the +1 leather armour of Mnoqaece {rC+ MR+ rCorr SInv} (You found it on level 6 of the Dungeon)
  6571 | D:7      | Reached skill level 5 in Dodging
  6674 | Temple   | Entered the Ecumenical Temple
  6770 | Temple   | Became a worshipper of Trog the Wrathful
  7038 | D:7      | Acquired Trog's first power
  7285 | D:7      | Reached skill level 8 in Crossbows
  7844 | D:8      | Found a staircase to the Lair.
  7846 | D:8      | Noticed a komodo dragon
  7875 | D:8      | Reached skill level 5 in Armour
  8023 | D:8      | Reached XP level 10. HP: 75/77 MP: 10/10
  8146 | D:8      | Acquired Trog's second power
  8259 | D:8      | Found Imaxuax's Gadget Emporium.
  8372 | D:8      | Killed a komodo dragon
  8708 | Lair:1   | Entered Level 1 of the Lair of Beasts
  8749 | Lair:1   | Noticed Harold
  9093 | Lair:1   | Reached skill level 9 in Crossbows
 11154 | Lair:3   | Noticed an elephant
 11349 | Lair:3   | Noticed a five-headed hydra
 11377 | Lair:3   | Found a frozen archway.
 11384 | IceCv    | Entered an ice cave
 11445 | IceCv    | Noticed an ice statue
 11445 | IceCv    | Noticed an ice statue
 11508 | Lair:3   | Slain by a blue devil

Action                   |  1- 3 |  4- 6 |  7- 9 | 10-12 || total
-------------------------+-------+-------+-------+-------++-------
Melee: Dagger            |       |    24 |   143 |       ||   167
       Quarterstaff      |       |       |   166 |    72 ||   238
       Spear             |       |       |       |   113 ||   113
       Halberd           |       |       |       |    39 ||    39
 Fire: Hand crossbow     |    87 |   112 |   209 |    18 ||   426
Invok: Trog's Hand       |       |       |       |     3 ||     3
Evoke: Wand              |       |       |     5 |    18 ||    23
  Use: Scroll            |       |       |    11 |    12 ||    23
 Stab: Sleeping          |       |       |     1 |     1 ||     2
       Petrifying        |       |       |     1 |     1 ||     2
       Confused          |       |       |     1 |       ||     1
